 Dungeon Crawl Stone Soup version 0.28.0-53-g5a82cb258f (webtiles) character file.

Game seed: 12661244291004666692

540 Peloso the Covered (level 7, 0/60 HPs)
             Began as a Minotaur Fighter on May 28, 2022.
             Was an Initiate of Okawaru.
             Slain by a black bear (2 damage)
             ... on level 5 of the Dungeon.
             The game lasted 00:08:21 (4952 turns).

Peloso the Covered (Minotaur Fighter)               Turns: 4952, Time: 00:08:22

Health: 0/60       AC:  7    Str: 20    XL:     7   Next: 5%
Magic:  6/6        EV: 10    Int:  5    God:    Okawaru [......]
Gold:   148        SH:  5    Dex: 12    Spells: 6/6 levels left

rFire   . . .      SeeInvis .   a - +0 long sword
rCold   . . .      Faith    .   c - +0 buckler
rNeg    . . .      Spirit   .   b - +0 scale mail
rPois   .          Reflect  .   (helmet restricted)
rElec   .          Harm     .   (no cloak)
rCorr   .          Rampage  .   (no gloves)
Will    .....                   (no boots)
Stlth   ..........              (no amulet)
HPRegen 0.20/turn               (no ring)
MPRegen 0.10/turn               (no ring)

@: no status effects
A: horns 2, retaliatory headbutt
a: Renounce Religion


You were on level 5 of the Dungeon.
You worshipped Okawaru.
Okawaru was noncommittal.
You visited 2 branches of the dungeon, and saw 6 of its levels.

You collected 148 gold pieces.

Inventory:

Hand Weapons
 a - a +0 long sword (weapon)
Armour
 b - a +0 scale mail (worn)
 c - a +0 buckler (worn)
Jewellery
 n - a +4 ring of slaying
Wands
 r - a wand of charming (15)
Scrolls
 g - 2 scrolls of magic mapping {unknown}
 i - a scroll of noise {unknown}
 j - 2 scrolls of enchant weapon {unknown}
 k - 5 scrolls of teleportation {unknown}
 p - a scroll of fog {unknown}
 q - 2 scrolls of blinking {unknown}
 s - 2 scrolls of identify {unknown}
 t - a scroll of acquirement {unknown}
Potions
 d - 3 potions of might
 e - 2 potions of flight
 f - a potion of degeneration {unknown}
 h - a potion of heal wounds {unknown}
 l - a potion of curing {unknown}
 m - a potion of magic {unknown}
 o - a potion of lignification {unknown}


   Skills:
 + Level 4.6 Fighting
 + Level 5.9 Long Blades
 + Level 5.9 Armour
 + Level 2.0 Dodging
 + Level 0.2 Stealth
 + Level 4.9 Shields


You had 6 spell levels left.
You didn't know any spells.
Your spell library contained the following spells:

 Spells                   Type           Power      Damage    Failure   Level
 Apportation              Tloc           0%         N/A       88%         1
 Freeze                   Ice            0%         1d3       88%         1
 Sandblast                Erth           0%         2d4       88%         1
 Ensorcelled Hibernation  Hex/Ice        0%         N/A       95%         2
 Passwall                 Tmut/Erth      0%         N/A       95%         2
 Dazzling Flash           Conj/Hex       0%         N/A       99%         3
 Frozen Ramparts          Ice            0%         1d2       99%         3
 Spider Form              Tmut/Pois      0%         N/A       99%         3
 Stone Arrow              Conj/Erth      0%         3d7       99%         3
 Anguish                  Hex/Necr       0%         N/A       100%        4
 Hailstorm                Conj/Ice       0%         3d3       100%        4
 Iskenderun's Mystic Bla  Conj/Tloc      0%         2d3       100%        4
 Agony                    Necr           0%         N/A       100%        5
 Silence                  Hex/Air        0%         N/A       100%        5
 Starburst                Conj/Fire      0%         6d3       100%        6
 Animate Skeleton         Necr           Unusable   N/A       N/A         1
 Summon Small Mammal      Summ           Unusable   N/A       N/A         1

Dungeon Overview and Level Annotations

Branches:
Dungeon (5/15)             Temple (1/1) D:4

Altars:
Fedhas
Okawaru
Sif Muna
Trog
The Shining One


Innate Abilities, Weirdness & Mutations

You have a pair of horns on your head.
You reflexively headbutt those who attack you in melee.


Message History

Found a curved smoking staff.
A black bear comes into view.
The black bear growls angrily.
A black bear is nearby!
The black bear bites you. The black bear claws you.
The black bear claws you but does no damage.
You slash the black bear!
The black bear is heavily wounded.
The black bear bites you but does no damage.
The black bear claws you but does no damage. x2
You hit the black bear but do no damage.
The black bear is heavily wounded.
The black bear bites you but does no damage.
The black bear claws you. The black bear completely misses you.
The black bear closely misses you. x2
The black bear claws you but does no damage.
You slash the black bear! Your headbutt misses the black bear.
The black bear is almost dead.
The black bear goes berserk!
You barely miss the black bear.
The black bear is almost dead.
The black bear bites you! The black bear claws you.
You block the black bear's attack.
You hit the black bear but do no damage.
You headbutt the black bear, but do no damage.
The black bear is almost dead.
The black bear bites you! You block the black bear's attack. x2
The black bear bites you. The black bear claws you. x2
* * * LOW HITPOINT WARNING * * *
You hit the black bear.
You headbutt the black bear, but do no damage.
The black bear is almost dead.
The black bear bites you!
* * * LOW HITPOINT WARNING * * *
The black bear closely misses you. The black bear claws you.
* * * LOW HITPOINT WARNING * * *
The black bear bites you!
* * * LOW HITPOINT WARNING * * *
The black bear claws you.
You die...

........## .........# #
#. .........# ## #.#
..........###. ## ..
..........#..# ##.##.
.............##
#...#.####......).....##
#....|...h...........##
........@...........##
........#####........##
.........## ##..###...#
..........## ## ##..##
...........# #>..##
...........# ###.##..##
.........<.# .........#
...........#
##..........
...........#
#...........


You could see a black bear (berserk).

Vanquished Creatures
  Pargi (D:4)
  An ogre (D:4)
  A water moccasin skeleton (D:4)
  2 orc priests (D:4)
  A jelly (D:4)
  An iguana (D:5)
  A hound skeleton (D:4)
  A howler monkey zombie (D:5)
  Robin (D:3)
  A howler monkey skeleton (D:5)
  4 adders
  4 dart slugs
  8 orcs
  11 bats
  8 endoplasms
  3 giant cockroaches
  19 goblins
  8 hobgoblins
  2 jackals (D:2)
  3 quokkas
  4 ball pythons
  3 frilled lizards
  4 kobolds
  4 rats
96 creatures vanquished.

Notes
Turn   | Place    | Note
-------+----------+-------------------------------------------
     0 | D:1      | Peloso the Minotaur Fighter began the quest for the Orb.
     0 | D:1      | Reached XP level 1. HP: 19/19 MP: 0/0
    74 | D:1      | Reached XP level 2. HP: 25/27 MP: 1/1
   459 | D:1      | Found a faded altar of an unknown god.
   619 | D:1      | Reached XP level 3. HP: 30/33 MP: 2/2
  1717 | D:2      | Reached XP level 4. HP: 38/40 MP: 3/3
  1939 | D:3      | Noticed Robin
  1954 | D:3      | Killed Robin
  2102 | D:3      | Found a bloodstained altar of Trog.
  2917 | D:3      | Reached XP level 5. HP: 45/46 MP: 4/4
  3297 | D:4      | Noticed an ogre
  3297 | D:4      | Found a shimmering blue altar of Sif Muna.
  3311 | D:4      | Killed an ogre
  3312 | D:4      | Reached skill level 5 in Armour
  3312 | D:4      | Reached skill level 1 in Dodging
  3728 | D:4      | Reached skill level 5 in Long Blades
  3728 | D:4      | Reached XP level 6. HP: 40/53 MP: 5/5
  3888 | D:4      | Found a staircase to the Ecumenical Temple.
  3895 | Temple   | Entered the Ecumenical Temple
  3931 | Temple   | Became a worshipper of Warmaster Okawaru
  3951 | D:4      | Noticed Pargi
  3978 | D:4      | Killed Pargi
  4785 | D:5      | Entered Level 5 of the Dungeon
  4868 | D:5      | Reached XP level 7. HP: 60/60 MP: 6/6
  4952 | D:5      | HP: 2/60 [black bear (7)]
  4952 | D:5      | Slain by a black bear

Illustrated notes

Levels and vault maps discovered:
D:1:      minmay_arrival_plants_in_alcoves, layout_basic,
          hellmonk_ecumenical_altar_lost_god, chequers_serial_rivers_room_a
D:2:      layout_basic, chequers_serial_rivers_small_a
D:3:      kennysheep_six_static_rooms, layout_basic,
          mainiacjoe_overflow_brackets, uniq_robin
D:4:      layout_loops_corners, mainiacjoe_overflow_concentric_impassable,
          minmay_temple_entry_hall, eino_tiny_chamber, uniq_pargi
D:5:      layout_cave_pods, pdpol_wu_jian_five_deadly_venoms
Temple:   jpeg_temple_clearing

Skill      XL: |  1  2  3  4  5  6  7 |
---------------+----------------------+-----
Fighting       | 4 |  4.6
Shields        | 4 |  4.9
Long Blades    | 3 4 5 |  5.9
Armour         | 4 5 |  5.9
Dodging        | 1 2 |  2.0
Stealth        | |  0.2

Action                   |  1- 3 |  4- 6 |  7- 9 || total
-------------------------+-------+-------+-------++-------
Melee: Long sword        |    65 |   158 |    12 ||   235
       Headbutt          |    10 |    24 |     3 ||    37
  Use: Scroll            |       |     1 |       ||     1
       Potion            |       |     2 |       ||     2
Armor: Scale mail        |    42 |    88 |     8 ||   138
Dodge: Dodged            |    37 |    92 |     5 ||   134
Block: Buckler           |    18 |    38 |     3 ||    59
